cohdb
Replays
Latest Replays
All Replays
Popular Replays
Top Player Replays
Match Explorer
How It Works
Community
CoH3 Stats
Reddit
Sign in to upload your games and track your stats! →
Sign in with Steam
Match 41505379
Unlisted
Match 41505379
Overview
Messages
Build Orders
End
Scout Squad
Construct Weapon Support Center
M1919 Machine Gun Team
Selects Advanced Infantry Battlegroup
Bazooka Squad
Bazooka Squad
Construct Barracks
Selects Artillery Observers
Riflemen Squad
Infantry Support Center
M1919 Machine Gun Team
Artillery Observer Squad
Selects Convert to Ranger Squad
M3 Armored Personnel Carrier
M3 Armored Personnel Carrier
Selects Frontline Medical Station
zintoko
_BoRaD_
Joseph_Montcalm
oberlet
frostie
Uwe Berger
0
0
Comments
sign in to comment!
No comments posted yet!